 Dungeon Crawl Stone Soup version 0.25-a0-785-gb22c70e859 (webtiles) character file.

Game seed: 11322086548029672900, levelgen mode: deterministic

3544 MirrMurr the Nimble (level 9, -8/45 HPs)
             Began as a Spriggan Enchanter on Apr 17, 2020.
             Was a Follower of Dithmenos.
             Killed from afar by a big kobold (22 damage)
             ... with a bolt of acid
             ... on level 8 of the Dungeon.
             The game lasted 00:21:18 (8858 turns).

MirrMurr the Nimble (Spriggan Enchanter)            Turns: 8858, Time: 00:21:18

Health: -8/45      AC:  1    Str:  7    XL:     9   Next: 82%
Magic:  9/16       EV: 24    Int: 16    God:    Dithmenos [*.....]
Gold:   440        SH:  8    Dex: 17    Spells: 3/16 levels left

rFire    . . .     SeeInvis +   a - +2 dagger (flame)
rCold    . . .     Gourm    .   e - +0 buckler
rNeg     . . .     Faith    .   b - +0 robe
rPois    .         Spirit   .   (helmet restricted)
rElec    .         Reflect  .   (no cloak)
rCorr    .         Harm     .   (gloves unavailable)
MR       +....                  (boots unavailable)
Stlth    +++++.....             (no amulet)
HPRegen  0.15/turn              h - +3 ring of protection
MPRegen  0.15/turn              l - ring of wizardry

@: corroded, wreathed by umbra, very quick
A: very small, unfitting armour, see invisible, herbivore, speed 3, slow
metabolism 2
a: Renounce Religion


You were on level 8 of the Dungeon.
You worshipped Dithmenos.
Dithmenos was aware of your devotion.
You were not hungry.

You visited 2 branches of the dungeon, and saw 9 of its levels.

You collected 440 gold pieces.

Inventory:

Hand Weapons
 a - a +2 dagger of flaming (weapon)
 j - a +0 rapier
 v - a +4 dagger of chaos
Missiles
 q - 15 boomerangs (quivered)
 u - 348 stones
 w - 28 poisoned darts
Armour
 b - a +0 robe (worn)
 e - a +0 buckler (worn)
Jewellery
 h - a +3 ring of protection (left hand)
 l - a ring of wizardry (right hand)
 F - an uncursed ring of flight
Wands
 d - a wand of polymorph (5)
 i - a wand of digging (4)
 t - a wand of flame (38)
 x - a wand of acid (15)
Scrolls
 m - a scroll of fear
 r - 3 scrolls of remove curse
 y - a scroll of immolation
 B - 2 scrolls of teleportation
Potions
 f - a potion of resistance
 g - 2 potions of curing
 k - 2 potions of magic
 n - a potion of berserk rage
 o - 3 potions of might
 p - 3 potions of mutation
 s - 2 potions of heal wounds {unknown}
 z - a potion of haste {unknown}
 A - a potion of degeneration {unknown}
 C - a potion of invisibility {unknown}
 E - a potion of lignification {unknown}
Comestibles
 c - 10 rations


   Skills:
 - Level 4.0 Fighting
 - Level 5.1 Short Blades
 - Level 8.4 Dodging
 - Level 8.0 Stealth
 + Level 5.8 Shields
 - Level 4.0 Spellcasting
 - Level 8.1 Hexes


You had 3 spell levels left.
You knew the following spells:

 Your Spells              Type           Power        Failure   Level  Hunger
a - Ensorcelled Hibernat  Hex/Ice        ###...       2%          2    ##.....
b - Confusing Touch       Hex            ####....     1%          3    ###....
c - Tukima's Dance        Hex            ####....     1%          3    ###....
d - Dazzling Flash        Conj/Hex       ###...       4%          3    ###....
e - Blink                 Tloc           N/A          12%         2    ##.....

Your spell library contained the following spells:

 Spells                   Type           Power        Failure   Level  Hunger
 Corona                   Hex            ####...      1%          1    None
 Slow                     Hex            ####....     1%          2    ##.....
 Magic Dart               Conj           #...         8%          1    None
 Call Imp                 Summ           #.......     12%         2    ##.....
 Conjure Flame            Conj/Fire      #.......     22%         3    ###....
 Mephitic Cloud           Conj/Pois/Air  #.......     22%         3    ###....


Dungeon Overview and Level Annotations

Branches:
Dungeon (8/15)             Temple (1/1) D:5
   Lair: D:8-11

Altars:
Cheibriados
Dithmenos
Elyvilon
Fedhas
Gozag
Hepliaklqana
Kikubaaqudgha
Makhleb
Nemelex Xobeh
Qazlal
Ru
Sif Muna
Trog
Uskayaw
Vehumet
Wu Jian
Xom
Yredelemnul
The Shining One
Lugonu

Shops:
D:4 %   D:8 (


Innate Abilities, Weirdness & Mutations

You are very small and have problems with some larger weapons.
You are too small for most types of armour.
You have supernaturally acute eyesight. (SInv)
You are a herbivore.
You cover ground extremely quickly.
You need to consume almost no food.


Message History

The helpless killer bee fails to defend itself.
You spit the killer bee like a pig!!! You burn the killer bee.
You kill the killer bee!
Dithmenos accepts your kill.
The kobold throws a stone.
The stone closely misses you.
The big kobold zaps a wand.
The bolt of acid hits the orc.
The orc is splashed with acid.
The acid corrodes the orc!
The orc dies!
The bolt of acid misses you.
The kobold throws a stone.
You block the stone.
The big kobold zaps a wand.
The bolt of acid hits you! The acid corrodes you!
You are splashed with acid!
You are too injured to fight recklessly!
You are too injured to fight recklessly!
You are too injured to fight recklessly!
You are too injured to fight recklessly!
Unknown command.
The kobold hits you but does no damage.
The big kobold zaps a wand.
The bolt of acid hits you!!
You die...

. ....K.##.....## .#
#... .
.yy..K#.......#..#
#... . ...
.K#.......#..# #...
.##.# .K..yo......#
#... #yy.#
#.....y.#..# #...
#.### #.......#..#
#.<. #y# #.....##..#
#... #y#
#.####)####.(# ####
y.# #.....KK)@...#
###### y##
#####..KK###.#
##).... ## #....#
#.#######))####
#....# #.........##
# #....###...##...##
#
#....##..........##
#
..####(...........#
#
#####..............#
# ##...............#
#


You could see a big kobold and 3 kobolds.

Vanquished Creatures
  A two-headed ogre (D:8)
  Psyche (D:8)
  Grinder (D:6)
  A spriggan (D:7)
  Edmund (D:6)
  A water moccasin (D:6)
  Duvessa (D:7)
  2 ice beasts
  An ogre (D:4)
  A necrophage (D:8)
  6 centaurs
  Blork the orc (D:4)
  2 bullfrogs
  A wyvern skeleton (D:8)
  3 scorpions
  3 killer bees (D:8)
  Dowan (D:7)
  3 howler monkeys (D:7)
  A bullfrog zombie (D:8)
  2 hounds
  An iguana (D:7)
  An orc wizard (D:8)
  4 worker ants
  4 gnolls
  5 adders
  A howler monkey skeleton (D:7)
  A shadow imp (D:8)
  2 adder zombies
  An ooze (D:5)
  2 worms
  A dart slug (D:2)
  3 leopard geckos
  2 orcs (D:8)
  10 giant cockroaches
  8 goblins
  4 hobgoblins
  7 jackals
  2 kobolds
  A quokka (D:2)
  10 bats
  5 frilled lizards
  A giant cockroach zombie (D:6)
  A jackal skeleton (D:7)
  A leopard gecko skeleton (D:8)
  A quokka skeleton (D:6)
  12 rats
125 creatures vanquished.

Vanquished Creatures (others)
  An orc (D:8)
1 creature vanquished.

Grand Total: 126 creatures vanquished

Notes
Turn   | Place    | Note
-------+----------+-------------------------------------------
     0 | D:1      | MirrMurr the Spriggan Enchanter began the quest for the
                  | Orb.
     0 | D:1      | Reached XP level 1. HP: 9/9 MP: 5/5
   567 | D:1      | Reached skill level 5 in Stealth
   567 | D:1      | Reached XP level 2. HP: 13/13 MP: 6/6
   571 | D:1      | Learned a level 2 spell: Ensorcelled Hibernation
  1436 | D:1      | Reached XP level 3. HP: 16/16 MP: 2/8
  1441 | D:1      | Learned a level 3 spell: Confusing Touch
  2572 | D:2      | Found a shimmering blue altar of Sif Muna.
  2996 | D:3      | Reached XP level 4. HP: 21/21 MP: 9/9
  3069 | D:3      | Found a sparkling altar of Nemelex Xobeh.
  4111 | D:2      | Reached XP level 5. HP: 19/24 MP: 7/10
  4262 | D:4      | Found Ximuuz's Food Shop.
  4338 | D:4      | Noticed an ogre
  4345 | D:4      | Killed an ogre
  4566 | D:4      | Reached XP level 6. HP: 28/28 MP: 11/11
  4571 | D:4      | Learned a level 3 spell: Tukima's Dance
  4957 | D:4      | Reached skill level 5 in Short Blades
  5056 | D:4      | Noticed Blork the orc
  5069 | D:4      | Killed Blork the orc
  5094 | D:5      | Entered Level 5 of the Dungeon
  5214 | D:5      | Reached skill level 5 in Hexes
  5214 | D:5      | Reached XP level 7. HP: 31/32 MP: 9/13
  5219 | D:5      | Learned a level 3 spell: Dazzling Flash
  5656 | D:5      | Found a staircase to the Ecumenical Temple.
  5670 | Temple   | Entered the Ecumenical Temple
  5767 | Temple   | Became a worshipper of Dithmenos the Shadowed
  6140 | D:6      | Found a shimmering altar of Xom.
  6183 | D:6      | Noticed Edmund
  6265 | D:6      | Killed Edmund
  6327 | D:6      | Noticed Grinder
  6352 | D:6      | Killed Grinder
  6352 | D:6      | Reached skill level 1 in Fighting
  6352 | D:6      | Reached skill level 1 in Shields
  6352 | D:6      | Reached XP level 8. HP: 29/37 MP: 12/15
  6521 | D:6      | Found a hazy altar of Hepliaklqana.
  6680 | D:7      | Found a basalt altar of Yredelemnul.
  6724 | D:7      | Noticed Dowan
  6725 | D:7      | Noticed Duvessa
  6765 | D:7      | Killed Dowan
  7094 | D:7      | Killed Duvessa
  7111 | D:7      | Found a white marble altar of Elyvilon.
  7258 | D:7      | Found a radiant altar of Vehumet.
  7298 | D:7      | Found a sparkling altar of Nemelex Xobeh.
  7535 | D:7      | Reached XP level 9. HP: 45/45 MP: 6/16
  7628 | D:8      | Found Apurul's Antique Weapon Boutique.
  7631 | D:8      | Noticed Psyche
  7647 | D:8      | Reached * piety under Dithmenos
  7851 | D:8      | Noticed a two-headed ogre
  7875 | D:8      | Killed a two-headed ogre
  7980 | D:8      | Killed Psyche
  8471 | D:8      | Reached skill level 5 in Shields
  8492 | D:8      | Learned a level 2 spell: Blink
  8502 | D:8      | Found a blossoming altar of Fedhas.
  8858 | D:8      | Killed from afar by a big kobold

Levels and vault maps discovered:
D:1:      dpeg_arrival_windows_large_door, layout_loops_ring, skrybe_limestone_x
D:2:      layout_basic, lemuel_blue_sif_altar
D:3:      layout_basic, nemelex_xobeh_ov_fountains_minmay
D:4:      layout_basic, serial_shops, kennysheep_mini_moat, uniq_blork_the_orc
D:5:      layout_loops_ring, temple_statues, first_ration,
          kennysheep_another_room
D:6:      layout_rooms, kennysheep_mini, overflow_temple_1_default,
          uniq_grinder, uniq_edmund
D:7:      layout_rooms, lemuel_doored_altar, old_standard_altar,
          elyvilon_altar_5, basic_altar, the_bakery, serial_park_tiny_1,
          uniq_duvessa
D:8:      layout_rooms, old_standard_altar, serial_shops, shop,
          minmay_strange_pillars, nicolae_tso_carved_into_rock, uniq_psyche
Temple:   kb_corrupted_temple

Skill      XL: |  1  2  3  4  5  6  7  8  9 |
---------------+----------------------------+-----
Stealth        | 5 6 7 8 |  8.0
Short Blades   | 2 3 4 5 |  5.1
Spellcasting   | 3 4 |  4.0
Hexes          | 5 8 |  8.1
Fighting       | 1 4 |  4.0
Shields        | 1 3 5 |  5.8
Dodging        | 4 8 |  8.4

Action                   |  1- 3 |  4- 6 |  7- 9 || total
-------------------------+-------+-------+-------++-------
Melee: Dagger            |   234 |   137 |   206 ||   577
 Cast: Corona            |     4 |       |       ||     4
       Ensorcelled Hiber |     7 |    19 |    58 ||    84
       Confusing Touch   |       |       |     6 ||     6
  Use: Scroll            |       |     5 |    12 ||    17
 Stab: Distracted        |     1 |       |       ||     1
       Sleeping          |     9 |    16 |    36 ||    61
       Confused          |       |       |     5 ||     5
  Eat: Ration            |       |     2 |     3 ||     5
Armor: Robe              |    29 |    18 |    25 ||    72
Dodge: Dodged            |   179 |    82 |   128 ||   389
Block: Buckler           |    56 |    26 |    75 ||   157

Table legend:
 A = Non-vault XP
 B = Vault XP
 C = Vault XP percentage of total XP
 D = Non-vault monster count
 E = Vault monster count
 F = Vault count percentage of total count
                 A         B        C        D         E       F
            +---------+---------+-------+---------+---------+-------
      Total |    3658 |    1405 |  27.8 |     118 |       7 |   5.6
            +---------+---------+-------+---------+---------+-------
        D:1 |      43 |       0 |   0.0 |      21 |       0 |   0.0
        D:2 |      94 |       0 |   0.0 |      23 |       0 |   0.0
        D:3 |      40 |       0 |   0.0 |      13 |       0 |   0.0
        D:4 |     281 |      94 |  25.1 |      12 |       1 |   7.7
        D:5 |     543 |       0 |   0.0 |       8 |       0 |   0.0
        D:6 |     277 |     452 |  62.0 |       8 |       2 |  20.0
        D:7 |     685 |     425 |  38.3 |      12 |       3 |  20.0
        D:8 |    1695 |     434 |  20.4 |      21 |       1 |   4.5
            +---------+---------+-------+---------+---------+-------
